[Event "Titled Tuesday Blitz August 1 Early 2023"]
[White "Thiel, Thomas"]
[Black "FuenfgegenWilly"]
[WhiteFideId "4615964"]
[WhiteElo "2266"]
[BlackElo "2406"]
[Result "0-1"]
[Round "9"]
[TimeControl "180+1"]
[Date "2023.08.01"]
[WhiteClock "0:01:48"]
[BlackClock "0:02:38"]
[Board "144"]

1. e4 e5 2. Nf3 Nc6 3. d4 exd4 4. Nxd4 Nf6 5. Nxc6 bxc6 6. Qe2 d6 7. Nc3 Be6 8. Bg5 h6 9. Bh4 g5 10. Bg3 Nd7 11. h4 Bg7 12. hxg5 Qxg5 13. Rh5 Qg6 14. Ra5 Nb6 15. Qa6 Bxc3+ 16. bxc3 Qxe4+ 17. Be2 Bc4 0-1


[Site "https://www.chess.com"]

[Event "Titled Tuesday Blitz August 1 Early 2023"]
[White "Vafin, Ayrat"]
[Black "Silva Lucena, Cristian"]
[WhiteFideId "4146530"]
[BlackFideId "2232588"]
[WhiteElo "2243"]
[BlackElo "2400"]
[Result "1/2-1/2"]
[Round "9"]
[TimeControl "180+1"]
[Date "2023.08.01"]
[WhiteClock "0:00:15"]
[BlackClock "0:00:33"]
[Board "145"]

1. Nf3 Nf6 2. g3 g6 3. Bg2 Bg7 4. O-O O-O 5. d4 d6 6. c4 Bf5 7. Nc3 Ne4 8. Nxe4 Bxe4 9. Bg5 d5 10. cxd5 Bxd5 11. Qd3 Nc6 12. e4 Be6 13. d5 Bg4 14. Qa3 Bxf3 15. dxc6 Bxg2 16. Bxe7 Bxb2 17. Qxb2 Qxe7 18. cxb7 Bxf1 19. bxa8=Q Rxa8 20. Rxf1 Qxe4 21. Rc1 Rd8 22. Qf6 Rd7 23. h4 Qe7 24. Qc6 Qd6 25. Qa8+ Kg7 26. Qxa7 h5 27. Qe3 Re7 28. Qc3+ Kh7 29. a4 Re4 30. a5 Re5 31. Qxc7 Qxc7 32. Rxc7 Rxa5 33. Rxf7+ Kh6 34. Kg2 Ra3 35. Rf6 Kg7 36. Re6 Rb3 37. Re3 Rb4 38. Kf3 Ra4 39. Rc3 Ra1 40. Ke3 Ra2 41. Kf3 Rb2 42. Ke3 Rb6 43. f3 Re6+ 44. Kf4 Rf6+ 45. Ke4 Rd6 46. Ke5 Ra6 47. Rc7+ Kg8 48. Rd7 Ra3 49. Kf4 Ra5 50. Rc7 Rb5 51. Ke4 Rf5 52. Rd7 Kh8 53. Rd5 Rf6 54. Rd7 Rf5 55. Re7 Kg8 56. Re5 Rf6 57. f4 Rb6 58. Rd5 Rb3 59. Rd3 Rb5 60. Rd5 Rb3 61. Ke5 Rxg3 62. Kf6 Rg4 63. Rd8+ Kh7 64. Rd7+ Kh6 65. f5 Rf4 66. Rd5 gxf5 67. Rxf5 Rxh4 68. Rf3 Rb4 69. Kf5 Rb5+ 70. Kf4 h4 71. Kg4 Rb4+ 72. Kh3 Kg5 73. Rc3 Rd4 74. Rc5+ Kf4 75. Kxh4 Rd6 76. Kh3 Rh6+ 77. Kg2 Ra6 78. Kf2 Ra3 79. Ke1 Ra2 80. Kd1 Ke3 81. Rc8 Ra7 82. Kc1 Kd3 83. Rc6 Rd7 84. Rc8 Rd6 85. Kb2 Rb6+ 86. Kc1 Rd6 87. Rc7 Rd5 88. Rc8 Rd7 89. Rc6 Rd8 90. Rc5 Rh8 91. Rc7 Rh2 92. Kb1 Rh8 93. Kb2 Rb8+ 94. Kc1 Rb6 95. Rc5 Ra6 96. Rc7 Ra2 97. Kb1 Ra8 98. Kc1 Rb8 99. Rd7+ Kc3 100. Rc7+ Kb3 101. Rd7 Rf8 102. Kd2 Rf1 103. Ke3 Re1+ 104. Kf2 Re8 105. Rd3+ Kc4 106. Re3 Rxe3 107. Kxe3 1/2-1/2


[Site "https://www.chess.com"]

[Event "Titled Tuesday Blitz August 1 Early 2023"]
[White "Gauravthegm"]
[Black "Vidruska, Renate"]
[BlackFideId "11601841"]
[WhiteElo "2399"]
[BlackElo "2257"]
[Result "0-1"]
[Round "9"]
[TimeControl "180+1"]
[Date "2023.08.01"]
[WhiteClock "0:00:04"]
[BlackClock "0:00:23"]
[Board "146"]

1. e4 e5 2. Nf3 Nf6 3. Nxe5 d6 4. Nf3 Nxe4 5. Nc3 Nf6 6. d4 Be7 7. Bd3 O-O 8. h3 b6 9. O-O Bb7 10. Re1 a6 11. Bg5 h6 12. Bh4 Nbd7 13. Re3 Re8 14. Qe2 Bf8 15. Re1 Rxe3 16. Qxe3 g6 17. Nh2 Bg7 18. Ng4 Nxg4 19. Bxd8 Nxe3 20. Bxc7 Nd5 21. Nxd5 Bxd5 22. c4 Rc8 23. Bxd6 Bxc4 24. Rc1 Rc6 25. Rxc4 Rxd6 26. Rc8+ Kh7 27. Bxa6 Bxd4 28. Bc4 Ne5 29. b3 Nxc4 30. Rxc4 Bc5 31. b4 Rd1+ 32. Kh2 Bxf2 33. a4 Kg7 34. a5 bxa5 35. bxa5 Ra1 36. Rc2 Bd4 37. g3 Rxa5 38. Kg2 Ra3 39. Re2 Rb3 40. Re4 Bf6 41. h4 h5 42. Re8 Rc3 43. Re4 Kf8 44. Re2 Be7 45. Rd2 Ke8 46. Rd5 Rb3 47. Rd4 Bc5 48. Rd5 Bb4 49. Rd4 Ke7 50. Re4+ Kd7 51. g4 hxg4 52. Rxg4 Ke6 53. Re4+ Kf6 54. Rf4+ Kg7 55. Rc4 Be7 56. Re4 Bf6 57. Rg4 Rd3 58. h5 Rd4 59. Rg3 Kh6 60. hxg6 fxg6 61. Rf3 Rd6 62. Rh3+ Kg7 63. Rf3 Rd4 64. Rb3 Rg4+ 65. Kf3 Rh4 66. Rb7+ Kh6 67. Rb6 Kg7 68. Rb7+ Kf8 69. Rb6 Kf7 70. Rb7+ Be7 71. Ra7 Rb4 72. Ra6 Rc4 73. Rb6 Rd4 74. Rb7 Rd6 75. Rb5 Kf6 76. Kg4 Re6 77. Ra5 Bd6 78. Rb5 Re4+ 79. Kf3 Re5 80. Rb6 Ke6 81. Rb7 Rd5 82. Ra7 Kf5 83. Rf7+ Kg5 84. Rd7 Rf5+ 85. Ke4 Be5 86. Rd5 Bf6 87. Rd7 Rf4+ 88. Ke3 Rf5 89. Ke4 Kg4 90. Ke3 g5 91. Rb7 Re5+ 92. Kf2 Re4 93. Kg2 Bd4 94. Kf1 Rf4+ 95. Ke2 Rf2+ 96. Kd3 Be5 97. Rb4+ Bf4 98. Ke4 Kg3 99. Rb7 Kg2 100. Rb3 Re2+ 101. Kf5 Re8 102. Kg4 Re3 103. Rb2+ Kf1 104. Rb1+ Kf2 105. Rb2+ Re2 106. Rb3 Bd2 107. Rf3+ Kg2 108. Rg3+ Kf1 109. Rf3+ Kg1 110. Rg3+ Rg2 111. Kf3 Rxg3+ 112. Kxg3 Kf1 113. Kg4 Kg2 114. Kh5 Kh3 115. Kg6 g4 116. Kf5 g3 0-1


[Site "https://www.chess.com"]

[Event "Titled Tuesday Blitz August 1 Early 2023"]
[White "Bueno, Alfeu Junior Varela"]
[Black "Tuleyeva-Aketayeva, Dana"]
[WhiteFideId "2108879"]
[BlackFideId "13701932"]
[WhiteElo "2390"]
[BlackElo "2242"]
[Result "1-0"]
[Round "9"]
[TimeControl "180+1"]
[Date "2023.08.01"]
[WhiteClock "0:00:33"]
[BlackClock "0:00:01"]
[Board "147"]

1. e4 c5 2. Nc3 Nc6 3. f4 g6 4. Nf3 Bg7 5. Bb5 Nd4 6. O-O Nxb5 7. Nxb5 Nf6 8. d3 O-O 9. Qe1 d5 10. e5 Ne8 11. Qh4 Nc7 12. Nxc7 Qxc7 13. Ng5 h6 14. Nf3 c4 15. d4 c3 16. bxc3 Qxc3 17. Bd2 Qc7 18. f5 Bxf5 19. Bxh6 Be4 20. Ng5 Qxc2 21. Rf2 Qc3 22. Raf1 f6 23. Bxg7 Qh3 24. Qxh3 fxg5 25. Qh8# 1-0


[Site "https://www.chess.com"]

[Event "Titled Tuesday Blitz August 1 Early 2023"]
[White "alfianasybullina"]
[Black "Pershina, Elena"]
[BlackFideId "24147516"]
[WhiteElo "2235"]
[BlackElo "2388"]
[Result "1-0"]
[Round "9"]
[TimeControl "180+1"]
[Date "2023.08.01"]
[WhiteClock "0:00:18"]
[BlackClock "0:00:10"]
[Board "148"]

1. Nf3 c5 2. e4 Nc6 3. d3 g6 4. g3 Bg7 5. Bg2 d6 6. O-O e5 7. c3 Nge7 8. Nbd2 O-O 9. Nc4 b5 10. Ne3 Rb8 11. Nd5 Nxd5 12. exd5 Ne7 13. c4 a6 14. Nd2 Nf5 15. Ne4 Nd4 16. b3 f5 17. Bg5 Qb6 18. Be7 fxe4 19. Bxf8 Bxf8 20. Bxe4 Bd7 21. f4 Bg7 22. Rb1 Rf8 23. fxe5 Rxf1+ 24. Qxf1 Bxe5 25. Bg2 Qd8 26. Bh3 Kg7 27. Bxd7 Qxd7 28. Re1 Qg4 29. Re4 Qf5 30. g4 Qg5 31. Kh1 Qd2 32. Qh3 Nf3 33. g5 Qxh2+ 34. Qxh2 Nxh2 35. Rxe5 dxe5 36. Kxh2 bxc4 37. bxc4 Kf7 38. Kg3 Ke7 39. Kg4 Kd6 40. Kf3 Kd7 41. Ke4 Kd6 42. Ke3 Kd7 43. Kf3 Ke7 44. Ke4 Kd6 45. a3 a5 46. a4 Kd7 47. Kxe5 Ke7 48. d6+ Kd7 49. Kd5 h5 50. gxh6 1-0


[Site "https://www.chess.com"]

[Event "Titled Tuesday Blitz August 1 Early 2023"]
[White "UgarteCesar"]
[Black "Spichkin, Alexander"]
[BlackFideId "4144074"]
[WhiteElo "2224"]
[BlackElo "2385"]
[Result "0-1"]
[Round "9"]
[TimeControl "180+1"]
[Date "2023.08.01"]
[WhiteClock "0:00:00"]
[BlackClock "0:01:17"]
[Board "149"]

1. d4 e6 2. Bf4 f5 3. e3 Nf6 4. Bg5 Be7 5. Bxf6 Bxf6 6. Nf3 O-O 7. Bd3 b6 8. Nbd2 Bb7 9. O-O d5 10. a4 Nd7 11. c4 c5 12. Qe2 Rc8 13. Rfd1 Qe7 14. a5 cxd4 15. exd4 dxc4 16. Bxc4 Rfe8 17. axb6 Nxb6 18. Bb3 Nd5 19. Rxa7 Nf4 20. Qb5 Rb8 21. Qxf5 Ne2+ 22. Kh1 Nxd4 23. Nxd4 Bxg2+ 24. Kxg2 Qxa7 25. Nxe6 Kh8 26. Ng5 Bxg5 27. Qxg5 Red8 28. Nf3 Rf8 29. Bd5 Rxb2 30. Rf1 Rb5 31. Qd2 Qd7 32. Qa2 Rxd5 33. Qc4 Qe6 34. Kh1 Rxf3 0-1


[Site "https://www.chess.com"]

[Event "Titled Tuesday Blitz August 1 Early 2023"]
[White "Mirzanurov, Bulat"]
[Black "Mikhalsky, Vladimir"]
[WhiteFideId "4184521"]
[BlackFideId "14144352"]
[WhiteElo "2186"]
[BlackElo "2385"]
[Result "0-1"]
[Round "9"]
[TimeControl "180+1"]
[Date "2023.08.01"]
[WhiteClock "0:00:02"]
[BlackClock "0:00:17"]
[Board "150"]

1. e4 g6 2. d4 Bg7 3. Nc3 d6 4. Nf3 a6 5. a4 b6 6. h4 h6 7. Bf4 Bb7 8. Qd2 Nd7 9. Bc4 e6 10. Bd3 Ne7 11. Ne2 e5 12. Be3 d5 13. Ng3 dxe4 14. Bxe4 Bxe4 15. Nxe4 f5 16. Nc3 f4 17. dxe5 fxe3 18. Qxe3 Nf5 19. Qe4 O-O 20. h5 Nxe5 21. Nxe5 Bxe5 22. O-O Qd4 23. Qc6 Qf4 24. Qxg6+ Ng7 25. g3 Qf5 26. Qxh6 Qxh5 27. Qe3 Rad8 28. Kg2 Bd4 29. Qe4 Bxc3 30. bxc3 Qd5 31. Qxd5+ Rxd5 32. Rad1 Rfd8 33. Rxd5 Rxd5 34. Re1 Rc5 35. Re3 Nf5 36. Rd3 Nd6 37. f4 a5 38. g4 Rc4 39. Kf3 Rxa4 40. f5 Rc4 41. Re3 a4 42. f6 a3 43. g5 Kf7 44. Re7+ Kg6 45. Rg7+ Kf5 46. f7 Nxf7 47. Rxf7+ Kxg5 48. Ke2 a2 49. Rf1 Rxc3 50. Kd2 Ra3 51. Ra1 Kf4 52. Kc1 Ke3 53. Kb2 Ra7 54. Rxa2 Rxa2+ 55. Kxa2 Kd4 56. Kb3 c5 57. Kb2 b5 58. Kb3 b4 59. Kb2 Kc4 60. Kb1 Kc3 61. Kc1 c4 62. Kb1 b3 63. Kc1 Kb4 64. Kb1 Ka3 65. Kc1 Ka2 66. cxb3 cxb3 0-1


[Site "https://www.chess.com"]

[Event "Titled Tuesday Blitz August 1 Early 2023"]
[White "Vila Dupla, Aurelio"]
[Black "Buscar, Michael"]
[WhiteFideId "2203383"]
[BlackFideId "2603616"]
[WhiteElo "2156"]
[BlackElo "2380"]
[Result "0-1"]
[Round "9"]
[TimeControl "180+1"]
[Date "2023.08.01"]
[WhiteClock "0:00:10"]
[BlackClock "0:01:26"]
[Board "151"]

1. Nf3 d5 2. d4 Nf6 3. c4 e6 4. cxd5 exd5 5. Nc3 c5 6. g3 Nc6 7. Bg2 Be7 8. O-O O-O 9. Bg5 c4 10. Ne5 Be6 11. f4 Ng4 12. Bxe7 Nxe7 13. Nxg4 Bxg4 14. h3 Be6 15. e4 dxe4 16. Nxe4 Nf5 17. Rf2 Qxd4 18. Qxd4 Nxd4 19. Nc5 Rab8 20. Rd1 b6 21. Nxe6 Nxe6 22. Rd7 a5 23. f5 Nc5 24. Rc7 Nd3 25. Rd2 b5 26. b3 Rfc8 27. Rxc8+ Rxc8 28. bxc4 bxc4 29. Bd5 c3 30. Rxd3 c2 0-1


[Site "https://www.chess.com"]

[Event "Titled Tuesday Blitz August 1 Early 2023"]
[White "Feliz Dotel, Dewar Bienvenido"]
[Black "Ventura Bolet, Maxim"]
[WhiteFideId "6402801"]
[BlackFideId "22238824"]
[WhiteElo "2144"]
[BlackElo "2380"]
[Result "0-1"]
[Round "9"]
[TimeControl "180+1"]
[Date "2023.08.01"]
[WhiteClock "0:00:04"]
[BlackClock "0:01:12"]
[Board "152"]

1. d4 d5 2. e3 Nf6 3. Nf3 g6 4. Be2 Bg7 5. O-O O-O 6. b4 a5 7. b5 c5 8. bxc6 bxc6 9. c4 Ba6 10. Nbd2 Nbd7 11. Rb1 Rb8 12. Ba3 Re8 13. Qc2 Rc8 14. Rfd1 c5 15. dxc5 Nxc5 16. Bxc5 Rxc5 17. Qa4 dxc4 18. Bxc4 Bxc4 19. Nxc4 Qc7 20. Nce5 Rc8 21. h3 Nd5 22. Qd4 Nc3 23. Rdc1 Bxe5 24. Nxe5 Qxe5 25. Qxe5 Rxe5 26. Re1 Nxb1 0-1


[Site "https://www.chess.com"]

[Event "Titled Tuesday Blitz August 1 Early 2023"]
[White "Preobrazhenska_D2011"]
[Black "Mayaud, Raphael"]
[BlackFideId "627151"]
[WhiteElo "2122"]
[BlackElo "2360"]
[Result "1-0"]
[Round "9"]
[TimeControl "180+1"]
[Date "2023.08.01"]
[WhiteClock "0:00:11"]
[BlackClock "0:00:00"]
[Board "153"]

1. e4 d5 2. exd5 Qxd5 3. Nc3 Qa5 4. Nf3 c6 5. d4 Nf6 6. Bd3 Bg4 7. O-O e6 8. h3 Bh5 9. Bf4 Be7 10. Re1 Nbd7 11. Be2 O-O 12. Ne5 Bxe2 13. Qxe2 Nxe5 14. Bxe5 Rad8 15. Rad1 Rd7 16. Qf3 Rfd8 17. Qg3 c5 18. Ne4 Kf8 19. Nxf6 Bxf6 20. Bxf6 gxf6 21. Re3 Rxd4 22. Rde1 Rd1 23. Rxd1 Rxd1+ 24. Kh2 Qd8 25. Qh4 Qd4 26. Qxh7 Qf4+ 27. Rg3 Qxf2 28. Qg7+ Ke7 29. Rf3 Qg1+ 30. Kg3 Qe1+ 31. Kh2 Qe5+ 32. Qg3 Qxg3+ 33. Rxg3 f5 34. h4 Kf6 35. h5 Rd8 36. Kh3 e5 37. Kh4 f4 38. Rb3 b6 39. Ra3 e4 40. Kg4 1-0


[Site "https://www.chess.com"]

[Event "Titled Tuesday Blitz August 1 Early 2023"]
[White "Gyulamiryan-koryun"]
[Black "Levitan, Caleb Levi"]
[BlackFideId "14332620"]
[WhiteElo "2091"]
[BlackElo "2306"]
[Result "1-0"]
[Round "9"]
[TimeControl "180+1"]
[Date "2023.08.01"]
[WhiteClock "0:00:10"]
[BlackClock "0:00:00"]
[Board "154"]

1. d4 d5 2. c4 e6 3. Nf3 Nf6 4. g3 dxc4 5. Bg2 Bb4+ 6. Bd2 c5 7. dxc5 Bxc5 8. O-O O-O 9. Qc2 Nbd7 10. Qxc4 b5 11. Qh4 Bb7 12. Nc3 a6 13. Rfd1 Qb6 14. e3 h6 15. Rac1 Rac8 16. Ne2 Be7 17. Qh3 Rxc1 18. Rxc1 Rd8 19. Bc3 Rc8 20. Rd1 Nc5 21. Bd4 Qa5 22. a3 Nce4 23. Nc3 Nxc3 24. Bxc3 Qa4 25. Rd4 Qc2 26. Ne1 Bxg2 27. Qxg2 Qc1 28. Qf1 Nd5 29. Qe2 Nxc3 30. bxc3 Qxc3 31. Rd2 Bxa3 32. Rc2 Qxe1+ 33. Qxe1 Rxc2 34. Kg2 b4 35. Qb1 Rc3 36. Qd1 a5 37. Qd8+ Kh7 38. Qxa5 Rc2 39. Qb5 Rb2 40. Qd3+ g6 41. h4 Kg8 42. h5 b3 43. hxg6 fxg6 44. Qxg6+ Kf8 45. Qxe6 Kg7 46. Qe5+ Kf7 47. Qd5+ Kg6 48. Qa5 Be7 49. Qb6+ Bf6 50. e4 Re2 51. Kf3 1-0


[Site "https://www.chess.com"]

[Event "Titled Tuesday Blitz August 1 Early 2023"]
[White "Ai, Evan"]
[Black "Lehtosaari, Mauri"]
[WhiteFideId "2094770"]
[BlackFideId "501999"]
[WhiteElo "2309"]
[BlackElo "2466"]
[Result "0-1"]
[Round "9"]
[TimeControl "180+1"]
[Date "2023.08.01"]
[WhiteClock "0:01:40"]
[BlackClock "0:01:36"]
[Board "155"]

1. e4 c5 2. Nf3 e6 3. d4 cxd4 4. Nxd4 Qb6 5. Nc3 Bc5 6. Be3 Nc6 7. Na4 Qa5+ 8. c3 Bxd4 9. Bxd4 Nxd4 10. Qxd4 e5 11. Qb4 Qxb4 12. cxb4 Nf6 13. Nc3 Ke7 14. Bc4 d6 15. Ke2 Be6 16. Bxe6 fxe6 17. Rhd1 Rhd8 18. Rac1 Rac8 19. f3 d5 20. exd5 exd5 21. Nxd5+ Nxd5 22. Rxc8 Nf4+ 0-1


[Site "https://www.chess.com"]

[Event "Titled Tuesday Blitz August 1 Early 2023"]
[White "Stachanczyk, Jacek"]
[Black "Ziatdinov, Raset"]
[WhiteFideId "1116657"]
[BlackFideId "2015323"]
[WhiteElo "2413"]
[BlackElo "2289"]
[Result "0-1"]
[Round "9"]
[TimeControl "180+1"]
[Date "2023.08.01"]
[WhiteClock "0:00:50"]
[BlackClock "0:00:45"]
[Board "156"]

1. e4 c5 2. Nf3 e6 3. d4 cxd4 4. Nxd4 a6 5. Bd3 Qc7 6. c4 Nf6 7. Nc3 Nc6 8. Nxc6 dxc6 9. O-O Bc5 10. b3 O-O 11. Bb2 e5 12. Qf3 Rd8 13. Qg3 Bd4 14. Rab1 Nh5 15. Qf3 Nf4 16. Bc2 h5 17. h3 Rd6 18. Na4 Rg6 19. Bxd4 exd4 20. g3 Bxh3 21. Rfd1 Bg4 22. Qh1 Ne2+ 23. Kg2 Nxg3 24. fxg3 Bf3+ 25. Kxf3 Qxg3+ 26. Ke2 Qe3+ 27. Kf1 Rf6+ 28. Kg2 Rf2+ 29. Kg1 Qg3+ 0-1


[Site "https://www.chess.com"]

[Event "Titled Tuesday Blitz August 1 Early 2023"]
[White "Barwinska, Ewa"]
[Black "Amanov, Zhanibek"]
[WhiteFideId "21833761"]
[BlackFideId "13700189"]
[WhiteElo "2285"]
[BlackElo "2364"]
[Result "0-1"]
[Round "9"]
[TimeControl "180+1"]
[Date "2023.08.01"]
[WhiteClock "0:00:00"]
[BlackClock "0:00:16"]
[Board "157"]

1. e4 c5 2. Nf3 e6 3. d4 cxd4 4. Nxd4 Nf6 5. Bd3 Nc6 6. Nxc6 bxc6 7. Bg5 Bc5 8. e5 Qb6 9. exf6 Qxb2 10. Nd2 Qe5+ 11. Ne4 Bb4+ 12. Bd2 Bxd2+ 13. Kxd2 gxf6 14. Qf3 Ke7 15. Rhe1 d5 16. Nc3 Qg5+ 17. Ke2 Rg8 18. Kf1 e5 19. g3 Kd6 0-1


[Site "https://www.chess.com"]

[Event "Titled Tuesday Blitz August 1 Early 2023"]
[White "Slavin, Alexey"]
[Black "Schut, Han"]
[WhiteFideId "24104388"]
[BlackFideId "1005561"]
[WhiteElo "2357"]
[BlackElo "2268"]
[Result "1-0"]
[Round "9"]
[TimeControl "180+1"]
[Date "2023.08.01"]
[WhiteClock "0:00:08"]
[BlackClock "0:00:00"]
[Board "158"]

1. e4 c5 2. g3 g6 3. Bg2 Bg7 4. Ne2 Nc6 5. O-O e6 6. Nbc3 Nge7 7. a3 O-O 8. Rb1 d5 9. exd5 exd5 10. b4 d4 11. Ne4 c4 12. d3 c3 13. b5 Ne5 14. Rb4 Nf5 15. Bg5 f6 16. Bf4 h5 17. h4 Nf7 18. Qb1 g5 19. hxg5 fxg5 20. Bc1 g4 21. Nf4 Ne5 22. Nxh5 Nf3+ 23. Bxf3 gxf3 24. Qb3+ Kh8 25. Bg5 Qe8 26. Nf4 Be5 27. Qd5 Bxf4 28. gxf4 Qh5 29. Ng3 Nxg3 30. fxg3 Bg4 31. Qe5+ Kh7 32. Rxd4 Rf7 33. Rf2 Kg6 34. Rh2 1-0


[Site "https://www.chess.com"]

[Event "Titled Tuesday Blitz August 1 Early 2023"]
[White "Shapiro, Daniel"]
[Black "Smietanska, Wiktoria"]
[WhiteFideId "2001780"]
[BlackFideId "21869359"]
[WhiteElo "2354"]
[BlackElo "2264"]
[Result "1/2-1/2"]
[Round "9"]
[TimeControl "180+1"]
[Date "2023.08.01"]
[WhiteClock "0:00:02"]
[BlackClock "0:00:03"]
[Board "159"]

1. d4 Nf6 2. c4 g6 3. Nc3 Bg7 4. e4 d6 5. Be2 O-O 6. Nf3 e5 7. O-O Nc6 8. d5 Ne7 9. a4 Ne8 10. Ne1 f5 11. f3 a5 12. Nd3 b6 13. b3 Nf6 14. Ba3 f4 15. b4 axb4 16. Bxb4 g5 17. a5 bxa5 18. Bxa5 Ba6 19. Nb5 Bxb5 20. cxb5 Qb8 21. Be1 Rxa1 22. Qxa1 Qxb5 23. Nxf4 Qc5+ 24. Bf2 Qc2 25. Bd1 Qd2 26. Ne6 Rb8 27. Ba4 g4 28. Qc1 Qa2 29. Qxc7 Rb1 30. Qxe7 Rxf1+ 31. Kxf1 Qc4+ 32. Ke1 Qb4+ 33. Ke2 Qc4+ 34. Kd2 Bh6+ 35. f4 Nxe4+ 36. Kd1 Nxf2+ 37. Ke1 Nd3+ 38. Kd2 Bxf4+ 39. Nxf4 Qxf4+ 40. Kxd3 Qxa4 41. Qxd6 Qd4+ 42. Kc2 Qe4+ 43. Kc3 Qe3+ 44. Kc4 Qd4+ 45. Kb5 Qb2+ 46. Kc6 Qc3+ 47. Kd7 Qd4 48. Ke8 Qf4 49. Qe6+ Kg7 50. d6 Qf8+ 51. Kd7 Qb8 52. Qe7+ Kg6 53. Ke6 Qb3+ 54. Kxe5 Qe3+ 55. Kd5 Qd3+ 56. Kc5 Qc3+ 57. Kb6 Qb4+ 58. Kc7 Qa5+ 59. Kd7 Qa7+ 60. Ke8 Qb8+ 61. Qd8 Qb5+ 62. d7 Qe5+ 63. Qe7 Qh8+ 64. Qf8 Qe5+ 65. Kd8 Qb8+ 66. Ke7 Qe5+ 67. Kd8 Qb8+ 68. Ke7 Qe5+ 69. Kd8 1/2-1/2


[Site "https://www.chess.com"]

[Event "Titled Tuesday Blitz August 1 Early 2023"]
[White "Mikhaylova, Irina"]
[Black "Jegorovas, Aleksandras"]
[WhiteFideId "4109040"]
[BlackFideId "12801950"]
[WhiteElo "2242"]
[BlackElo "2348"]
[Result "1-0"]
[Round "9"]
[TimeControl "180+1"]
[Date "2023.08.01"]
[WhiteClock "0:00:51"]
[BlackClock "0:01:42"]
[Board "160"]

1. Nf3 c6 2. c4 Nf6 3. d4 d5 4. cxd5 cxd5 5. Nc3 Nc6 6. Bf4 Ne4 7. e3 Nxc3 8. bxc3 g6 9. Bd3 Bg7 10. O-O O-O 11. c4 dxc4 12. Bxc4 Bg4 13. h3 Bxf3 14. Qxf3 e5 15. dxe5 Nxe5 16. Bxe5 Bxe5 17. Rad1 Qe7 18. Rd5 Rad8 19. Rfd1 Rxd5 20. Rxd5 b6 21. g3 Kg7 22. Kg2 h5 23. Qe4 Re8 24. Bb5 Bf6 25. Qxe7 Rxe7 26. Rd7 Rxd7 27. Bxd7 Bb2 28. f4 Kf6 29. e4 Ke7 30. Bb5 f6 31. Kf3 g5 32. Be2 a5 33. a4 Bc1 34. Bb5 Kd6 35. Be8 h4 36. gxh4 gxh4 37. Kg4 Kc5 38. Kf5 Be3 39. Kxf6 Bxf4 40. e5 b5 41. Bxb5 Kb6 42. e6 1-0


[Site "https://www.chess.com"]

[Event "Titled Tuesday Blitz August 1 Early 2023"]
[White "Acikel, Mert"]
[Black "Skiadopoulos, Nikolaos"]
[WhiteFideId "12956465"]
[BlackFideId "4200772"]
[WhiteElo "2316"]
[BlackElo "1860"]
[Result "1-0"]
[Round "9"]
[TimeControl "180+1"]
[Date "2023.08.01"]
[WhiteClock "0:01:47"]
[BlackClock "0:00:51"]
[Board "161"]

1. e4 c5 2. Nf3 Nc6 3. Bb5 Na5 4. O-O a6 5. Be2 b5 6. d4 cxd4 7. Nxd4 e5 8. Nf5 d5 9. Ng3 d4 10. a4 b4 11. c3 bxc3 12. bxc3 Nc6 13. Ba3 Bxa3 14. Nxa3 Nf6 15. cxd4 Nxd4 16. Nc4 O-O 17. Nxe5 Nxe2+ 18. Qxe2 Qe7 19. Nc6 Qc7 20. Rac1 a5 21. e5 Ng4 22. Qe4 Ba6 23. Qxg4 Bxf1 24. Nf5 1-0


[Site "https://www.chess.com"]

[Event "Titled Tuesday Blitz August 1 Early 2023"]
[White "Howell, David W L"]
[Black "sterpfi"]
[WhiteFideId "410608"]
[WhiteElo "3025"]
[BlackElo "2200"]
[Result "1-0"]
[Round "9"]
[TimeControl "180+1"]
[Date "2023.08.01"]
[WhiteClock "0:01:38"]
[BlackClock "0:01:03"]
[Board "162"]

1. e3 d5 2. c4 e6 3. Nc3 Nf6 4. b3 Nbd7 5. Bb2 b6 6. Rc1 Bb7 7. Nf3 Bd6 8. cxd5 exd5 9. Nb5 Nc5 10. Nxd6+ Qxd6 11. Be5 Qd8 12. d4 Ncd7 13. Bxc7 Qe7 14. Bd3 O-O 15. O-O Ne4 16. Bg3 f5 17. Rc7 Rab8 18. Ne5 Rfd8 19. Bxe4 fxe4 20. Nxd7 Rxd7 21. Rxd7 Qxd7 22. Bxb8 1-0


[Site "https://www.chess.com"]

[Event "Titled Tuesday Blitz August 1 Early 2023"]
[White "Quirke, Jeffrey"]
[Black "Balla, Tamas-Kristof"]
[WhiteFideId "2013029"]
[BlackFideId "1208497"]
[WhiteElo "2238"]
[BlackElo "2404"]
[Result "1/2-1/2"]
[Round "9"]
[TimeControl "180+1"]
[Date "2023.08.01"]
[WhiteClock "0:00:07"]
[BlackClock "0:00:01"]
[Board "163"]

1. c4 c5 2. g3 g6 3. Bg2 Bg7 4. Nc3 Nc6 5. h4 h5 6. Nf3 e6 7. O-O Nge7 8. d4 cxd4 9. Nb5 d5 10. cxd5 Nxd5 11. Nbxd4 Nxd4 12. Nxd4 O-O 13. Nb3 b6 14. Bg5 Qd6 15. Qd2 Bb7 16. Rfd1 Qe5 17. Rab1 Rac8 18. Nd4 Rfe8 19. Nf3 Qb8 20. Bh6 Nf6 21. Bxg7 Kxg7 22. Rbc1 Ng4 23. Rxc8 Rxc8 24. Ng5 Bxg2 25. Kxg2 Qb7+ 26. f3 Nf6 27. Qd4 Rc5 28. Nh7 Kxh7 29. Qxf6 Rc8 30. Kf2 Qc7 31. Qd4 Qc5 32. Qxc5 Rxc5 33. Rd7 Kg7 34. Rxa7 Rc2 35. b3 Rb2 36. Ra6 b5 37. Ra5 b4 38. Ra4 Kf6 39. Rxb4 Rxa2 40. Rb7 Rb2 41. g4 hxg4 42. fxg4 Kg7 43. Kf3 Kf6 44. e4 Ke5 45. h5 gxh5 46. gxh5 Rh2 47. Rxf7 Rxh5 48. b4 Rh3+ 49. Ke2 Rb3 50. Rb7 Kxe4 51. Kd2 Kd4 52. Kc2 Rc3+ 53. Kd2 e5 54. Rb8 Rb3 55. b5 e4 56. b6 e3+ 57. Ke2 Rb2+ 58. Ke1 Kd3 59. Rd8+ Ke4 60. Re8+ Kf3 61. Rf8+ Ke4 62. Re8+ Kd4 63. Rd8+ Kc5 64. Re8 Rb3 65. Ke2 Rxb6 66. Rxe3 Rb3 67. Rxb3 Kc4 1/2-1/2


[Site "https://www.chess.com"]

[Event "Titled Tuesday Blitz August 1 Early 2023"]
[White "KorolDimitriy75"]
[Black "Samaganova, Aleksandra"]
[BlackFideId "13800221"]
[WhiteElo "2383"]
[BlackElo "2233"]
[Result "1-0"]
[Round "9"]
[TimeControl "180+1"]
[Date "2023.08.01"]
[WhiteClock "0:01:10"]
[BlackClock "0:00:00"]
[Board "164"]

1. d4 Nf6 2. c4 e6 3. Nc3 Bb4 4. Qc2 b6 5. e4 c5 6. e5 cxd4 7. a3 dxc3 8. axb4 Ng8 9. bxc3 Bb7 10. Nf3 Qc7 11. Be2 Nc6 12. Bf4 1-0


[Site "https://www.chess.com"]

[Event "Titled Tuesday Blitz August 1 Early 2023"]
[White "hsd2016"]
[Black "Krzywda, Andrzej"]
[BlackFideId "1114565"]
[WhiteElo "2224"]
[BlackElo "2374"]
[Result "1-0"]
[Round "9"]
[TimeControl "180+1"]
[Date "2023.08.01"]
[WhiteClock "0:00:04"]
[BlackClock "0:00:00"]
[Board "165"]

1. c4 e6 2. Nc3 d5 3. cxd5 exd5 4. d4 Nf6 5. Nf3 c6 6. Bf4 Be7 7. e3 O-O 8. h3 Re8 9. Bd3 g6 10. O-O Nh5 11. Bh2 Ng7 12. a3 Bf5 13. b4 Bxd3 14. Qxd3 a6 15. Rab1 Nd7 16. Na4 b5 17. Nc5 Nb6 18. Ne5 Qc8 19. Rfc1 Nc4 20. a4 Bxc5 21. bxc5 Nf5 22. axb5 axb5 23. Ra1 f6 24. Nxc4 dxc4 25. Qc3 Qe6 26. Bc7 Qd5 27. Rxa8 Rxa8 28. f3 Ra2 29. Re1 Nh4 30. e4 Qg5 31. g4 Qd2 32. Qxd2 Rxd2 33. Rf1 c3 34. Ba5 Rd3 35. d5 cxd5 36. exd5 Rxd5 37. Bxc3 Rxc5 38. Bxf6 g5 39. f4 Ng6 40. Bxg5 b4 41. f5 Ne5 42. Be7 Rc2 43. Bxb4 Kf7 44. Bd6 Nc4 45. Bg3 Ne3 46. Rf2 Rc1+ 47. Kh2 Nf1+ 48. Kg2 Ne3+ 49. Kf3 Nc4 50. Bf4 Rc3+ 51. Kg2 Rb3 52. Re2 Nb2 53. g5 Nd3 54. Bd2 Rb2 55. Kf3 Rb3 56. Ke4 Nc5+ 57. Kd5 Nd7 58. h4 Rd3+ 59. Kc6 Nf8 60. f6 Rh3 61. Re7+ Kg8 62. Rg7+ Kh8 63. Bb4 1-0


[Site "https://www.chess.com"]